 Dungeon Crawl Stone Soup version 0.31-a0-1002-g8e65716e6e (webtiles) character file.

Game seed: 15853398150579078410

60 kae the Vexing (level 3, -1/26 HPs)
             Began as a Demonspawn Enchanter on Nov 9, 2023.
             Slain by an iguana (13 damage)
             ... on level 4 of the Dungeon.
             The game lasted 00:01:35 (2753 turns).

kae the Vexing (Demonspawn Enchanter)               Turns: 2753, Time: 00:01:36

Health: -1/26      AC:  3    Str: 10    XL:     3   Next: 80%
Magic:  4/6        EV: 12    Int: 16    God:
Gold:   221        SH:  0    Dex: 13    Spells: 4/6 levels left

rFire   . . .        a - +2 dagger
rCold   . . .        (no shield)
rNeg    . . .        b - +0 robe
rPois   .            (helmet restricted)
rElec   .            m - +0 cloak
rCorr   .            (no gloves)
SInv    .            (no boots)
Will    .....        (no amulet)
Stlth   ++           (no ring)
HPRegen 0.24/turn    (no ring)
MPRegen 0.10/turn

%: no passive effects
@: no status effects
A: antennae 1, powered by pain 1
a: no special abilities


You were on level 4 of the Dungeon.
You visited 1 branch of the dungeon, and saw 4 of its levels.

You collected 221 gold pieces.


Innate Abilities, Weirdness & Mutations

You have a pair of small antennae on your head.
You sometimes gain a little power by taking damage.


   Skills:
 + Level 1.1 Fighting
 * Level 1.9 Short Blades
 - Level 1.7 Dodging
 + Level 3.0 Stealth
 - Level 2.0 Spellcasting
 * Level 3.6 Hexes
 + Level 0.5 Ice Magic


You had 4 spell levels left.
You knew the following spells:

 Your Spells              Type           Power      Damage    Failure   Level
a - Ensorcelled Hibernat  Hex/Ice        16%        N/A       13%         2

Your spell library contained the following spells:

 Spells                   Type           Power      Damage    Failure   Level
 Confusing Touch          Hex            13%        N/A       14%         3
 Tukima's Dance           Hex            13%        N/A       14%         3
 Apportation              Tloc           2%         N/A       21%         1
 Dazzling Flash           Conj/Hex       14%        N/A       28%         3
 Lesser Beckoning         Tloc           2%         N/A       30%         2
 Malign Gateway           Summ/Tloc      0%         N/A       100%        7

Inventory:

Hand Weapons
 a - a +2 dagger (weapon)
Missiles
 e - 4 boomerangs
 f - 3 poisoned darts
 g - 23 stones
Armour
 b - a +0 robe (worn)
 m - a +0 cloak (worn)
   (You found it on level 3 of the Dungeon)
Scrolls
 h - a scroll of teleportation {@r4}
 k - a scroll of silence {unknown}
Potions
 c - 2 potions of invisibility
 d - a potion of curing {@q1}
 i - a potion of enlightenment {unknown}
 j - a potion of mutation {unknown}
 l - a potion of resistance
 n - a potion of attraction {!q}

Dungeon Overview and Level Annotations

Branches:
Dungeon (4/15) Zot: 21249
 Temple: D:4-7

Altars:

### #.# ..# #.#
#.# #.#######
#l#.....#
...###@#.....####
#...............+
.....##.#.....####
.... #.#<....+ ...
#.#....<# ..
#.#.##### . ..#.#
###.# #+#


You could see an iguana.


Message History

The goblin hits you with a +0 club. 😕 HP[-4] MP[+1]
You take 4 damage, and now have 22/26 hp.
Your mp is fully restored (6).
You closely miss the goblin. The goblin barely misses you.
You hit the goblin.
You kill the goblin! 😕 HP[+1] No target in view!
No target in view! 😕 HP[+1]
You see here a +0 cloak.
m - a +0 cloak You start putting on your armour.
You continue putting on your +0 cloak. x4
You finish putting on your +0 cloak. 😕 HP[+1]
n - a ruby potion 😎 HP[+1]
Your hp is fully restored (26).
A giant cockroach comes into view.
You see here a scroll of identify {@r1}.
A giant cockroach is nearby!
A giant cockroach is nearby!
You hit the giant cockroach.
You kill the giant cockroach!
You pick up the Quarto of Superposition and begin reading...
You add the spells Apportation, Lesser Beckoning and Malign Gateway to your library.
No target in view!
No target in view!
o - a scroll of identify {@r1} Key pressed, stopping explore.
No target in view!
No target in view!
p - a scroll labelled MUTAIPP DUNNA You open the door.
There is an open door here.
Done exploring.
No target in view!
No target in view!
Done exploring.
No target in view!
No target in view!
Done exploring.
Done exploring.
As you read the scroll labelled AXORON TATZUNO, it crumbles to dust.
It is a scroll of amnesia.
Okay, then.
As you read the scroll labelled MUTAIPP DUNNA, it crumbles to dust.
It is a scroll of enchant weapon.
Your +1 dagger glows red for a moment.
As you read the scroll of identify {@r1}, it crumbles to dust.
n - a potion of attraction Done exploring.
There is a stone staircase leading down here.
You climb downwards.
Found a scroll labelled EPECKA KASI and 15 gold pieces.
Found a stone staircase leading up.
There is a stone staircase leading up here.
k - a scroll labelled EPECKA KASI You now have 221 gold pieces (gained 15).
An iguana comes into view.
The iguana hisses angrily.
The iguana closely misses you.
You hit the iguana but do no damage.
An iguana is nearby!
An iguana is nearby!
You closely miss the iguana. The iguana bites you.
You hit the iguana but do no damage. The iguana bites you! 😮 HP[-10]
You take 10 damage, and now have 16/26 hp.
MASSIVE DAMAGE!! (PAUSE)
Casting: Ensorcelled Hibernation (safe; 13% risk of failure)
Confirm with . or Enter, or press ? or * to list all spells.
Aiming: Ensorcelled Hibernation (safe; 13% risk of failure)
Press: ? - help, Shift-Dir - straight line, f - iguana
Aim: an iguana (chance to affect: 50%)
The iguana looks drowsy... 😮 HP[+1] MP[-2]
You lost 2 mp, and now have 4/6 mp.
Casting: Ensorcelled Hibernation (safe; 13% risk of failure)
Confirm with . or Enter, or press ? or * to list all spells.
You can't see any susceptible monsters within range! (Use Z to cast anyway.)
Casting: Ensorcelled Hibernation (safe; 13% risk of failure)
Confirm with . or Enter, or press ? or * to list all spells.
You can't see any susceptible monsters within range! (Use Z to cast anyway.) Unknown command.
The helpless iguana fails to defend itself.
You puncture the iguana!
The iguana hisses menacingly.
The iguana bites you. 😮 HP[-1]
You take 1 damage, and now have 16/26 hp.
Unknown command.
You hit the iguana but do no damage. The iguana bites you.
* * * LOW HITPOINT WARNING * * *
😨 HP[-4]
You take 4 damage, and now have 12/26 hp.
You hit the iguana but do no damage. The iguana bites you!
Ouch! That really hurt!
You die...

Skill      XL: |  1  2  3 |
---------------+----------+-----
Short Blades   | 1 |  1.9
Fighting       | 1 |  1.1
Stealth        | 3 |  3.0
Dodging        | |  1.7
Spellcasting   | |  2.0
Hexes          | |  3.6
Ice Magic      | |  0.5

Action                     || total
---------------------------++-------
  Melee: Dagger            ||   144
   Cast: Ensorcelled Hiber ||     8
    Use: Scroll            ||     7
   Stab: Sleeping          ||    11
 Armour: Robe              ||    59
  Dodge: Dodged            ||    79

Levels and vault maps discovered:
D:1:      evilmike_arrival_home_sweet_home, layout_basic,
          nicolae_figureground_pulse
D:2:      layout_basic, serial_bayou_crossing
D:3:      layout_basic
D:4:      layout_basic

Notes
Turn   | Place    | Note
-------+----------+-------------------------------------------
     0 | D:1      | kae the Demonspawn Enchanter began the quest for the Orb.
     0 | D:1      | Reached XP level 1. HP: 13/13 MP: 3/3
     0 | D:1      | magus.rc [v1.11.3]
   138 | D:1      | Reached skill level 1 in Short Blades
   145 | D:1      | HP: 2/13 [kobold/+0 short sword (4)]
   257 | D:1      | Gained mutation: You have a pair of small antennae on your
                  | head. [demonic ancestry]
   257 | D:1      | Reached XP level 2. HP: 18/20 MP: 5/5
   266 | D:1      | Learned a level 2 spell: Ensorcelled Hibernation
  1270 | D:2      | Gained mutation: You sometimes gain a little power by
                  | taking damage. [demonic ancestry]
  1270 | D:2      | Reached XP level 3. HP: 16/25 MP: 1/6
  1453 | D:2      | Reached skill level 1 in Fighting
  1546 | D:2      | Reached skill level 3 in Stealth
  2075 | D:3      | Identified the "Coim"
  2642 | D:3      | You add the spells Apportation, Lesser Beckoning and Malign
                  | Gateway to your library.
  2753 | D:4      | Slain by an iguana

Vanquished Creatures
  2 adders (D:2)
  A dart slug (D:1)
  4 ball pythons
  4 endoplasms
  4 giant cockroaches
  3 hobgoblins
  4 kobolds
  A bat (D:1)
  8 goblins
  7 rats
38 creatures vanquished.

Table legend:
 A = Non-vault XP
 B = Vault XP
 C = Vault XP percentage of total XP
 D = Non-vault monster count
 E = Vault monster count
 F = Vault count percentage of total count
                 A         B        C        D         E       F
            +---------+---------+-------+---------+---------+-------
      Total |      86 |       0 |   0.0 |      38 |       0 |   0.0
            +---------+---------+-------+---------+---------+-------
        D:1 |      27 |       0 |   0.0 |      16 |       0 |   0.0
        D:2 |      50 |       0 |   0.0 |      17 |       0 |   0.0
        D:3 |       9 |       0 |   0.0 |       5 |       0 |   0.0
            +---------+---------+-------+---------+---------+-------

Skill      XL: |  1  2  3 |
---------------+----------+-----
Short Blades   | 1 |  1.9
Fighting       | 1 |  1.1
Stealth        | 3 |  3.0
Dodging        | |  1.7
Spellcasting   | |  2.0
Hexes          | |  3.6
Ice Magic      | |  0.5

Action                     || total
---------------------------++-------
  Melee: Dagger            ||   144
   Cast: Ensorcelled Hiber ||     8
    Use: Scroll            ||     7
   Stab: Sleeping          ||    11
 Armour: Robe              ||    59
  Dodge: Dodged            ||    79

Illustrated notes

Table legend:
 A = Kills in this place as a percentage of kills in the entire game.
 B = Kills by you in this place as a percentage of kills by you in the entire game.
 C = Kills by friends in this place as a percentage of kills by friends in the entire game.
 D = Other kills in this place as a percentage of other kills in the entire game.
 E = Experience gained in this place as a percentage of experience gained in the entire game.
 F = Experience gained in this place divided by the number of levels of this place that you have seen.
                   A       B       C       D       E      F
               +-------+-------+-------+-------+-------+----------------------
         Total | 100.0 | 100.0 |   N/A |   N/A | 100.0 |  21.5
       Dungeon | 100.0 | 100.0 |   N/A |   N/A | 100.0 |  21.5
               +-------+-------+-------+-------+-------+----------------------

Table legend: (Time is in decaauts)
 A = Elapsed time spent in this place.
 B = Non-inter-level travel time spent in this place.
 C = Inter-level travel time spent in this place.
 D = Time resting spent in this place.
 E = Time spent auto-exploring this place.
 F = Levels seen in this place.
 G = Mean time per level.
                   A        B        C        D        E       F      G
               +--------+--------+--------+--------+--------+-----+--------+
         Total |   2749 |   2684 |     65 |    122 |   2195 |   4 |  687.2 |
       Dungeon |   2749 |   2684 |     65 |    122 |   2195 |   4 |  687.2 |
               +--------+--------+--------+--------+--------+-----+--------+

Top non-repeatable levels by time:
     D:1: 1153 daAuts
     D:2: 920 daAuts
     D:3: 657 daAuts
     D:4: 19 daAuts
